[Event "*** Titled Tuesday Blitz"]
[Site "Chess.com"]
[Date "2020.02.04"]
[Round "7"]
[White "Orest_Vovk"]
[Black "Fortitudine"]
[Result "1/2-1/2"]
[WhiteElo "2380"]
[BlackElo "2233"]
[TimeControl "180+2"]
[EndTime "14:34:15 PST"]
[Termination "Game drawn by repetition"]

1. g4 d5 2. Bg2 c6 3. h3 g6 4. d4 Bg7 5. Nf3 Nf6 6. O-O Ne4 7. Nc3 h5 8. g5 Nxc3 9. bxc3 Nd7 10. Bf4 Nb6 11. Ne5 Nd7 12. e4 Nxe5 13. Bxe5 Bxe5 14. dxe5 dxe4 15. Qxd8+ Kxd8 16. Rfe1 Be6 17. Rxe4 Kc7 18.
Rd4 Rhd8 19. a3 b6 20. Rad1 Bf5 21. R1d2 c5 22. Rxd8 Rxd8 23. Rxd8 Kxd8 24. h4 Bxc2 25. Bd5 e6 26. Bc6 Bb3 27. Kf1 a6 28. Be4 Bd5 29. Bd3 b5 30. Ke1 Kc7 31. Kd2 Kc6 32. Ke3 Kb6 33. Kd2 Ka5 34. Kc1 Bb7 35. Kb2 b4 36. f4 bxa3+ 37. Kxa3 Bc6 38. Bc4 Bb5 39. Ba2 Kb6 40. Bb1 c4 41. Be4 Kc5 42. Bb7 a5 43.
Be4 Bc6 44. Bc2 Kd5 45. Kb2 Kc5 46. Ka3 Kd5 47. Bb1 Kc5 48. Kb2 Ba4 49. Be4 Bc6 50. Bc2 Bb5 51. Kc1 Bc6 52. Kd2 Bb5 53. Ke3 Bc6 54. Kd2 Bb5 55. Kc1 Bc6 56. Kb2 Bb5 57.
Bb1 Bc6 58. Kc1 Bb5 59. Kd2 Bc6 60. Ke3 Bb5 61. Bc2 Bc6 62. Kd2 1/2-1/2

[Event "*** Titled Tuesday Blitz"]
[Site "Chess.com"]
[Date "2020.02.04"]
[Round "7"]
[White "Rodalquilar"]
[Black "TristanCalistri"]
[Result "0-1"]
[WhiteElo "2622"]
[BlackElo "2310"]
[TimeControl "180+2"]
[EndTime "14:34:22 PST"]
[Termination "TristanCalistri won on time"]

1. d4 Nf6 2. Bf4 g6 3. e3 Bg7 4. Nf3 O-O 5. Be2 d6 6. O-O Nbd7 7. h3 c5 8. c3 b6 9. Nbd2 Bb7 10. Bh2 a6 11. a4 Ra7 12. Qb3 Qa8 13. Rfd1 Ne4 14. Nxe4 Bxe4 15. d5 b5 16. axb5 Rb8 17.
Ng5 Nf6 18. Nxe4 Nxe4 19. Qc2 f5 20. bxa6 Rb6 21. Bc4 Qd8 22. Ra3 Nf6 23. Rb3 Rbxa6 24.
Bxa6 Rxa6 25. Qe2 Ra8 26. Qb5 Ne4 27. f3 Ng5 28. Bf4 Nf7 29. Qb6 Qf8 30. h4 Bf6 31.
Bg3 Qh6 32. Re1 Bxh4 33. Bxh4 Qxh4 34. Kf1 Qh1+ 35. Kf2 Qh4+ 36. Kf1 Qh1+ 37. Kf2 Qh4+ 38. Ke2 Qg3 39. Rg1 Ra1 40. Rxa1 Qxg2+ 41. Kd1 Qf1+ 42. Kc2 Qxa1 43. Qc7 Qe1 44. Rb8+ Kg7 45. Qxe7 Qe2+ 46. Kb3 Qd1+ 47. Ka3 Qxd5 48. Rb7 h5 49. e4 fxe4 50.
fxe4 Qc4 51. b3 Qa6+ 52. Kb2 Qe2+ 53. Ka3 Qa6+ 54. Kb2 Qe2+ 55. Kb1 Qf1+ 56. Ka2 h4 57. Ra7 h3 58. e5 dxe5 59. Qxe5+ Kh7 60. Qd5 Qg2+ 61.
Qxg2 hxg2 62. Rxf7+ Kg8 0-1

[Event "*** Titled Tuesday Blitz"]
[Site "Chess.com"]
[Date "2020.02.04"]
[Round "7"]
[White "Hadza_3"]
[Black "Arathorn2"]
[Result "1-0"]
[WhiteElo "2404"]
[BlackElo "2252"]
[TimeControl "180+2"]
[EndTime "14:34:27 PST"]
[Termination "Hadza_3 won by resignation"]

1. e4 c5 2. Nc3 Nc6 3. f4 g6 4.
Nf3 Bg7 5. Bc4 e6 6. O-O Nge7 7.
Qe1 O-O 8. d3 d5 9. Bb3 Nd4 10.
Qh4 Nxb3 11. axb3 Nc6 12. Qf2 Nd4 13. e5 Nxf3+ 14. Qxf3 f6 15. exf6 Qxf6 16. Bd2 Bd7 17. Kh1 a6 18. Rae1 Rae8 19. Re2 Bc6 20. Rfe1 d4 21.
Ne4 Qh4 22. Qg3 Qxg3 23. hxg3 Bxe4 24. Rxe4 Kf7 25. Ba5 Re7 26. b4 Rc8 27. bxc5 Ree8 28.
Bb4 b6 29. cxb6 Rxc2 30. Ba3 Rc6 31. R1e2 Rb8 32. g4 Rbxb6 33. f5 gxf5 34. gxf5 exf5 35.
Re7+ Kg6 36. Rd7 Re6 37. Rf2 Rbc6 38. g3 Bh6 39. Rd5 Re1+ 40. Kg2 Be3 41. Rfxf5 Rc2+ 42. Kf3 Rf2+ 43. Kg4 Rxf5 44. Rxf5 Rd1 45. Ra5 Rxd3 46.
Rxa6+ Kf7 47. Kf5 Bf2 48. Ra7+ Ke8 49. g4 h6 50. Bc5 Rf3+ 51. Ke6 Kd8 52. Bd6 Kc8 53.
Kd5 d3 54. Rc7+ Kd8 55. Rb7 Rf6 56. Kc6 Rxd6+ 57. Kxd6 Bg3+ 58. Kc6 d2 59. Rd7+ Kc8 60.
Rxd2 1-0

[Event "*** Titled Tuesday Blitz"]
[Site "Chess.com"]
[Date "2020.02.04"]
[Round "7"]
[White "Mikhail_Golubev"]
[Black "Kosche007"]
[Result "1/2-1/2"]
[WhiteElo "2524"]
[BlackElo "2314"]
[TimeControl "180+2"]
[EndTime "14:34:36 PST"]
[Termination "Game drawn by repetition"]

1. e4 c6 2. d4 d5 3. Nc3 dxe4 4. Nxe4 Bf5 5. Ng3 Bg6 6. Nf3 e6 7. h4 h6 8. Ne5 Bh7 9. Bd3 Bxd3 10. Qxd3 Nd7 11.
f4 Be7 12. Nh5 Ngf6 13. Nxg7+ Kf8 14. Nxe6+ fxe6 15. Qg6 Qe8 16. f5 Qxg6 17. Nxg6+ Kg7 18. Nxe7 Rae8 19. Ng6 exf5+ 20. Ne5 Nxe5 21. dxe5 Rxe5+ 22. Kf1 Rhe8 23. Bd2 Kg6 24. Bc3 Re2 25. Rd1 R8e6 26. Rh3 Rxc2 27. h5+ Nxh5 28. Rd7 f4 29. Rxb7 Ng3+ 30.
Rxg3+ fxg3 31. Rg7+ Kh5 32. Rxg3 Ree2 33. Kg1 Rc1+ 34.
Kh2 Rcc2 35. Kh3 Rc1 36. Rg8 Re3+ 37. Kh2 Rc2 38. a4 Re4 39. Kh3 Re3+ 40. g3 Rc1 41. Kg2 Rc2+ 42. Kf1 Rh2 43. Kg1 Rc2 44. Kf1 Rexc3 45.
bxc3 Rxc3 46. Rg7 a5 47. Ra7 Kg4 48. Rxa5 Kxg3 49. Rh5 c5 50. Rxh6 c4 51. Ke2 Ra3 52. Ra6 Kf4 53. Kd2 Ke4 54. Kc2 Kd4 55. Kb2 Rb3+ 56.
Kc2 Ra3 57. Kb2 Rb3+ 58. Kc2 Rh3 59. Rd6+ Kc5 60. Rd8 Kb4 61. Rb8+ Kxa4 62. Kb2 Rg3 63. Kc2 Rh3 64. Rb7 Rg3 65. Rb8 Rh3 1/2-1/2

[Event "*** Titled Tuesday Blitz"]
[Site "Chess.com"]
[Date "2020.02.04"]
[Round "7"]
[White "LiemLe"]
[Black "Roman_Ovetchkin"]
[Result "1-0"]
[WhiteElo "2956"]
[BlackElo "2720"]
[TimeControl "180+2"]
[EndTime "14:34:45 PST"]
[Termination "LiemLe won by resignation"]

1. e4 c6 2. d4 d5 3. e5 Bf5 4. Nf3 e6 5. Be2 Nd7 6. O-O Bg6 7. Nbd2 Nh6 8. Nb3 Nf5 9. a4 a5 10. Bd2 Be7 11. Qe1 b6 12. Rc1 O-O 13. c4 Rc8 14. cxd5 cxd5 15. Bb5 Nb8 16. h3 Nh4 17. Nh2 Bc2 18. Na1 Be4 19. f3 Bg6 20. g3 Nf5 21.
Nb3 Rxc1 22. Bxc1 Bb4 23. Qf2 Qc7 24. Bf4 Rc8 25. Rc1 Qb7 26. g4 Ne7 27. Nf1 Rxc1 28. Nxc1 Nbc6 29. Kg2 Nc8 30. Ng3 Be7 31. Nge2 Nb4 32.
Nc3 Na7 33. Bf1 Qc8 34. Be3 Nc2 35. Bd2 Qd8 36. N1e2 Bd3 37. Ng3 Bxf1+ 38. Kxf1 Bh4 39. Bf4 Nb4 40. Qg2 Qc8 41. Nh5 Qc4+ 42. Qe2 Nd3 43. Be3 Nc6 44. Kg2 Ncb4 45. Nd1 g6 46. b3 Qc2 47.
Qxc2 Nxc2 48. Nf6+ Bxf6 49. exf6 Na1 50. Nc3 Nxb3 51.
Kg3 Nb4 52. Bf4 Nxd4 53. Bc7 Nbc6 54. Bxb6 Kf8 55. f4 Ke8 56. Kf2 Kd7 57. Ke3 Nc2+ 58. Kd2 N2b4 59. Nb5 Na6 60. Kc3 Nab8 61. g5 Na6 62. h4 Nab4 63. Bxa5 Na2+ 64. Kb2 Nxa5 65. Kxa2 Nc4 66. Kb3 Kc6 67. Kb4 Ne3 68. Nd4+ Kd7 69. a5 Ng2 70. a6 1-0

[Event "*** Titled Tuesday Blitz"]
[Site "Chess.com"]
[Date "2020.02.04"]
[Round "7"]
[White "bait_or_mate"]
[Black "Lagmantr"]
[Result "0-1"]
[WhiteElo "2544"]
[BlackElo "2743"]
[TimeControl "180+2"]
[EndTime "14:34:47 PST"]
[Termination "Lagmantr won on time"]

1. d4 Nf6 2. c4 e6 3. Nf3 d5 4.
g3 Be7 5. Bg2 O-O 6. O-O c6 7.
Qc2 b6 8. Rd1 Bb7 9. b3 Nbd7 10.
Bb2 Ne4 11. Nbd2 f5 12. Ne5 Nxe5 13. dxe5 Bc5 14. e3 Qg5 15. Nf3 Qh6 16. Bd4 Rae8 17.
Bxc5 bxc5 18. Nd2 Qg5 19. f4 Qe7 20. Rac1 Rc8 21. Nxe4 fxe4 22. Kh1 Rfd8 23. Rd2 h6 24. Qc3 Qc7 25. Bh3 Re8 26. Bg4 Qb6 27. Rcd1 Qb4 28. Qxb4 cxb4 29. c5 Kf7 30. a3 bxa3 31.
Ra1 Ra8 32. Rxa3 Reb8 33. Rda2 a6 34. Be2 Bc8 35. Kg2 Ke7 36. Kf2 Ra7 37. g4 Kd8 38. h4 Kc7 39. g5 hxg5 40. hxg5 g6 41. Ra1 Rab7 42. Rxa6 Rxb3 43. Ra7+ R8b7 44. Rxb7+ Bxb7 45. Rh1 Rb2 46. Rh7+ Kb8 47. Ke1 Rb3 48. Kd2 Rb2+ 49. Kd1 d4 50. exd4 e3 51. Rh3 Rd2+ 52. Ke1 Rxd4 53. Rxe3 Rxf4 54. Rf3 Re4 55. Rf6 Ba6 56. Rxe6 Rxe2+ 57. Kd1 Kc7 58. Re7+ Kd8 59. Re6 Bb5 60. Rxg6 Rxe5 61. Rg8+ Ke7 62. g6 Rxc5 63. Rc8 Kf6 0-1

[Event "*** Titled Tuesday Blitz"]
[Site "Chess.com"]
[Date "2020.02.04"]
[Round "7"]
[White "davigator"]
[Black "AlexandraBotez"]
[Result "1/2-1/2"]
[WhiteElo "2252"]
[BlackElo "2172"]
[TimeControl "180+2"]
[EndTime "14:34:47 PST"]
[Termination "Game drawn - insufficient material"]

1. e4 e6 2. d4 d5 3. Nc3 Nf6 4. e5 Nfd7 5. f4 c5 6. Nf3 Nc6 7. Be3 a6 8. Qd2 b5 9. Nd1 Qb6 10. c3 a5 11. Bd3 Ba6 12. f5 O-O-O 13. O-O h6 14. Kh1 b4 15. Rc1 Bxd3 16. Qxd3 c4 17. Qc2 Be7 18. b3 cxb3 19. axb3 Kb7 20. c4 Rc8 21.
Qd3 Qa6 22. fxe6 fxe6 23. Qg6 Rhg8 24. Qxe6 dxc4 25. Rxc4 Rge8 26. Qxd7+ Kb8 27. d5 Na7 28. Rxc8+ Nxc8 29. Re1 Rd8 30. Qf5 Rxd5 31. Qf4 Qb7 32. Nd4 Ka8 33. Nf5 Bg5 34. Qf3 Rxe5 35. Re2 Qxf3 36.
gxf3 Ne7 37. Nxg7 Nd5 38. f4 Bxf4 39. Rf2 Bxe3 40. Rf7 Bb6 41. Kg2 Rg5+ 42. Kf3 Nc3 43. Nf2 Rg6 44. Ng4 Rc6 45. Nf5 Bc7 46. Ngxh6 Kb7 47.
h4 a4 48. Nd4 Rb6 49. bxa4 b3 50.
Nxb3 Rxb3 51. Kg4 Nxa4 52. Nf5 Rb4+ 53. Kg5 Nc5 54. h5 Ne4+ 55. Kg6 Rb6+ 56. Kg7 Ka6 57. h6 Be5+ 58. Kh7 Ng5+ 59. Kg8 Nxf7 60. Kxf7 Kb5 61. h7 Rb7+ 62. Kg8 Kc5 63. h8=Q Rb8+ 64.
Kf7 Bxh8 65. Ke6 Kc4 66. Nd6+ Kc5 67. Ne4+ Kc6 68. Kf5 Rf8+ 69. Kg5 Kd5 70. Ng3 Rg8+ 71. Kh4 Ke5 72. Kh3 Kf4 73. Nh5+ Kf3 74. Kh4 Bf6+ 75. Nxf6 Rg6 76. Nh5 Rg8 77. Nf6 Kf4 78. Nxg8 1/2-1/2

[Event "*** Titled Tuesday Blitz"]
[Site "Chess.com"]
[Date "2020.02.04"]
[Round "7"]
[White "renehp"]
[Black "Kira170"]
[Result "0-1"]
[WhiteElo "2368"]
[BlackElo "2532"]
[TimeControl "180+2"]
[EndTime "14:34:50 PST"]
[Termination "Kira170 won by resignation"]

1. e4 e6 2. d4 d5 3. Nc3 Nf6 4.
e5 Nfd7 5. f4 c5 6. Nf3 Nc6 7. Be3 Qb6 8. Na4 Qa5+ 9. c3 b6 10.
Kf2 Ba6 11. Bxa6 Qxa6 12. Re1 Be7 13. Kg1 O-O 14. Rf1 Rac8 15. Kh1 Rc7 16. b3 cxd4 17. Nxd4 Nxd4 18. Bxd4 b5 19. Nb2 Nc5 20. Nd3 Ne4 21. f5 exf5 22. Rxf5 Nxc3 23. Qf3 Ne4 24. Nf4 Rd7 25.
Nxd5 Rxd5 26. Qxe4 Qe6 27. Raf1 g6 28. R5f3 f5 29. Qe3 a5 30. h3 Rfd8 31. Ba1 Rd2 32. Bc3 Rxa2 33. R3f2 Rxf2 34. Rxf2 b4 35. Bb2 Qd5 36.
Re2 Qd3 37. e6 Qxe3 38. Rxe3 Rd1+ 39. Kh2 Bd6+ 40. Be5 Kf8 41. Bxd6+ Rxd6 42. Re5 Ke7 43. Rxa5 Kxe6 44. Rb5 Rd4 45. Rb7 Ke5 46. Kg1 Ke4 47.
Kf2 Kd3 48. Rxh7 Kc3 49. Rh6 Rd6 50. h4 Kxb3 51. h5 Rd2+ 52. Ke3 Rxg2 53. Rxg6 Rh2 54. h6 Ka2 55. Kf4 Rh5 56. Ke5 b3 57. Ra6+ Kb1 58. Kd4 b2 59. Kd3 Rh3+ 60. Kd2 f4 61. Kd1 Rh2 62.
Rf6 f3 63. Rxf3 Rxh6 64. Rf8 Rd6+ 65. Ke2 Ra6 66. Kd3 Ka2 67. Rf2 Ka1 0-1

[Event "*** Titled Tuesday Blitz"]
[Site "Chess.com"]
[Date "2020.02.04"]
[Round "7"]
[White "Leonid_Starozhilov"]
[Black "ural58"]
[Result "1-0"]
[WhiteElo "2672"]
[BlackElo "2381"]
[TimeControl "180+2"]
[EndTime "14:35:25 PST"]
[Termination "Leonid_Starozhilov won by checkmate"]

1. e4 d5 2. Nc3 d4 3. Nce2 c5 4. Ng3 Qa5 5. Nf3 h5 6. h4 Nc6 7. c3 Bg4 8. Qb3 O-O-O 9. Ng5 Nh6 10. Qb5 dxc3 11. bxc3 Qxc3 12. Rb1 Nb4 13. Be2 Bxe2 14. Nxe2 Qc2 15. Rxb4 cxb4 16. Qxb4 e6 17. Qa5 Qc5 18. Qa4 Be7 19. O-O Bxg5 20. hxg5 Ng4 21. d4 Qb6 22.
Bf4 e5 23. dxe5 Kb8 24. e6+ Ka8 25. exf7 Rhf8 26. g6 Qxg6 27. f3 Qb6+ 28. Kh1 Nf2+ 29. Kh2 Rxf7 30. Bg5 Rdf8 31. Bh4 Ng4+ 32. Kh1 Ne3 33. Bf2 Qh6 34. Ng1 a6 35. Re1 Nxg2 36. Kxg2 Qg5+ 37. Kh1 Qb5 38. Qd4 b6 39. a4 Qc6 40.
Qxb6 Qxb6 41. Bxb6 g5 42. e5 g4 43. e6 Rb7 44. e7 Re8 45. Bc5 gxf3 46. Nxf3 Rc7 47.
Re5 Kb7 48. Ng5 Rxc5 49. Rxc5 Rxe7 50. a5 Re1+ 51. Kg2 Rb1 52. Ne4 Rb5 53. Rxb5+ axb5 54. Nc5+ Kc6 55. Nb3 b4 56. Kh3 Kb5 57. Kh4 Kc4 58. a6 Kxb3 59. a7 Kc2 60. a8=Q b3 61. Qc6+ Kb1 62.
Kxh5 b2 63. Kg4 Ka1 64. Qa4+ Kb1 65. Kf3 Kc1 66. Qc4+ Kd2 67. Qd4+ Kc2 68. Qe4+ Kc1 69. Qe1+ Kc2 70. Qf2+ Kc1 71. Qc5+ Kd2 72. Qb4+ Kc2 73.
Qc4+ Kd2 74. Qb3 Kc1 75. Qc3+ Kb1 76. Ke2 Ka2 77. Qa5+ Kb3 78. Qb5+ Kc2 79. Qd3+ Kc1 80. Qd1# 1-0

[Event "*** Titled Tuesday Blitz"]
[Site "Chess.com"]
[Date "2020.02.04"]
[Round "7"]
[White "ShahMatKanal"]
[Black "quesfr"]
[Result "0-1"]
[WhiteElo "2495"]
[BlackElo "2086"]
[TimeControl "180+2"]
[EndTime "14:35:43 PST"]
[Termination "quesfr won by resignation"]

1. d4 d5 2. c4 e6 3. Nc3 Be7 4. cxd5 exd5 5. Bf4 Nf6 6. e3 O-O 7. Bd3 c5 8. Nge2 Nc6 9. O-O cxd4 10. exd4 Qb6 11.
Rb1 Bg4 12. Qd2 a6 13. Be5 Rad8 14.
a3 Nxe5 15. dxe5 Ne4 16. Qf4 Nxc3 17. bxc3 Qe6 18. Rxb7 Bxa3 19. Nd4 Qc8 20. Rb3 Bc5 21.
Bf5 Bxf5 22. Nxf5 Kh8 23. Qg5 Rg8 24. c4 Qc6 25. cxd5 Rxd5 26. Rb8 Qg6 27. Rxg8+ Kxg8 28. Ne7+ Bxe7 29. Qxe7 h6 30. h3 Qf5 31. Ra1 Rxe5 32. Qd8+ Kh7 33. Qd2 a5 34. Kf1 Rd5 35. Qe2 h5 36. Kg1 g6 37. h4 Qe5 38. Qa2 Kg7 39. Rf1 Qf5 40. Rb1 Rd4 41. Qb2 Qf6 42. Rf1 Rxh4 43.
Qa3 Rf4 44. Qxa5 Rf5 45. Qd2 Qg5 46. Qd4+ Qf6 47. Qe3 Qe5 48. Qh3 Qe6 49. Qd3 Rd5 50.
Qc3+ Qe5 51. Qc4 Rd4 52. Qc6 Re4 53. Qc2 h4 54. Qd3 Qf5 55. Qc3+ Kh7 56. Qd3 Qf4 57. Qh3 Re5 58. g3 Rg5 59. Kh2 Qg4 60. Qxh4+ Qxh4+ 61. gxh4 Rg4 62. Kh3 f5 63. Re1 Kh6 64. Re8 Kg7 65.
Re7+ Kh6 66. Rb7 Rg1 67. Kh2 Rg4 68. Kh3 Rf4 69. Kg3 Rc4 70. f3 Rc1 71. Ra7 Rh1 72.
Ra4 Rg1+ 73. Kh2 Rf1 74. Kg2 Rc1 75. Ra2 Kh5 76. Ra6 Rc4 77. Kg3 Rxh4 78. Rxg6 f4+ 79. Kg2 Kxg6 80. Kf2 Rh2+ 0-1

[Event "*** Titled Tuesday Blitz"]
[Site "Chess.com"]
[Date "2020.02.04"]
[Round "7"]
[White "Chesstrainer1"]
[Black "Gentlejimmy7"]
[Result "1/2-1/2"]
[WhiteElo "2369"]
[BlackElo "2626"]
[TimeControl "180+2"]
[EndTime "14:35:49 PST"]
[Termination "Game drawn - insufficient material"]

1. Nf3 Nf6 2. c4 g6 3. Nc3 d5 4.
cxd5 Nxd5 5. Qb3 Nb6 6. d4 Bg7 7. Bf4 O-O 8. Rd1 Bg4 9. Ne5 Be6 10. d5 Bc8 11. e4 N8d7 12. Nd3 a5 13. a4 c6 14. Be2 cxd5 15. exd5 Nf6 16. Nc5 Nbd7 17. Nxb7 Qb6 18. Qxb6 Nxb6 19. Nc5 Bf5 20. f3 Rac8 21.
Nb7 Nc4 22. Bxc4 Rxc4 23. Be5 Bc2 24. Rd4 Rb4 25. Kd2 Rxb2 26. Nxa5 Bxa4+ 27. Ke3 Bd7 28. Nc6 Bxc6 29. dxc6 Ng4+ 30. Rxg4 Bxe5 31. Nd5 e6 32. Ne7+ Kg7 33. Rc4 Rfb8 34. Rd1 Kf6 35. c7 Bxc7 36.
Rxc7 Rxg2 37. Rdd7 Rb3+ 38. Ke4 Re2+ 39. Kf4 g5+ 40.
Kg3 Rbb2 41. Ng8+ Kg6 42. f4 Rg2+ 43. Kf3 Rbf2+ 44. Ke3 Rxf4 45. Ne7+ Kg7 46. Nc6 Rxh2 47. Ne5 Rhf2 48. Nd3 R2f3+ 49. Ke2 Rf5 50. Ne5 Rf2+ 51.
Ke3 Rf1 52. Nd3 h5 53. Rc8 h4 54.
Rdd8 Kf6 55. Rh8 Rg1 56. Rh6+ Kg7 57. Rch8 Rg3+ 58. Ke2 Rg2+ 59. Ke3 Rg3+ 60. Ke2 Rd5 61. R8h7+ Kf8 62. Rf6 Rf5 63. Rhxf7+ Kg8 64. Rxf5 exf5 65. Rxf5 Kg7 66. Ne5 Kh6 67. Kf2 Ra3 68. Rf6+ Kh5 69. Rf8 Ra2+ 70. Kf3 Ra3+ 71. Kf2 Ra2+ 72. Kf3 g4+ 73.
Nxg4 Ra3+ 74. Ne3 Kg5 75. Rg8+ Kf6 76. Rh8 Ra4 77. Rh6+ Kg5 78. Rb6 Rf4+ 79. Kg2 Ra4 80. Rb5+ Kf4 81. Nd5+ Kg4 82. Nf6+ Kf4 83. Nh5+ Kg4 84.
Nf6+ Kf4 85. Rh5 Ra2+ 86. Kh3 Ra3+ 87. Kxh4 Ra1 88. Kh3 Rh1+ 89. Kg2 Rxh5 90. Nxh5+ 1/2-1/2

[Event "*** Titled Tuesday Blitz"]
[Site "Chess.com"]
[Date "2020.02.04"]
[Round "7"]
[White "MarcoRiehle"]
[Black "SCIM"]
[Result "0-1"]
[WhiteElo "2626"]
[BlackElo "2481"]
[TimeControl "180+2"]
[EndTime "14:35:51 PST"]
[Termination "SCIM won by resignation"]

1. d4 Nf6 2. Nf3 g6 3. Nbd2 d5 4. b4 Bg7 5. c4 O-O 6. e3 a5 7.
b5 dxc4 8. Bxc4 c6 9. O-O cxb5 10. Bxb5 Nc6 11. Nc4 Na7 12. a4 Nxb5 13. axb5 Be6 14.
Nce5 Nd5 15. Ba3 Rc8 16. Rc1 f6 17. Nd3 Nc3 18. Qd2 Nxb5 19. Nc5 Bd5 20. Bb2 b6 21.
Na4 Rxc1 22. Rxc1 Nd6 23. Qd3 Bxf3 24. gxf3 Kh8 25. e4 Nf7 26. d5 Bh6 27. Rc6 Qb8 28. Nxb6 Ng5 29. Kg2 Qf4 30. Bc1 Qh4 31. Bxg5 Qxg5+ 32. Kf1 Qf4 33. d6 exd6 34. Rxd6 Qxh2 35. Nd7 Rd8 36.
e5 Qh1+ 37. Ke2 Qa1 38. e6 Re8 39. f4 Rxe6+ 40. Rxe6 Qa2+ 41. Kf3 Qxe6 42. Qd4 Qh3+ 43. Ke2 Qe6+ 44. Kf3 Bg7 45. Qa7 Qh3+ 46. Ke2 Qe6+ 47.
Kf3 h5 48. Qb7 Qh3+ 49. Ke2 Qe6+ 50. Kf3 Qg4+ 51. Ke3 a4 52. Nc5 Qh3+ 53. f3 Qf5 54.
Ne4 Qe6 55. Kf2 Qa2+ 56. Kg3 h4+ 57. Kh3 Qe2 58. Nd6 Qf1+ 59. Kxh4 Qh1+ 60. Kg4 Qg1+ 61. Kh4 Kh7 62. f5 Qh2+ 63. Kg4 Qg2+ 64. Kf4 Qh2+ 65.
Kg4 Qxd6 66. fxg6+ Kxg6 67. Qe4+ Kh6 68. Qxa4 Qe6+ 69.
Kh4 Qf5 70. Kg3 Qg5+ 71. Kh3 Qh5+ 72. Kg3 Qg5+ 73. Kh3 f5 74. Qc6+ Bf6 75. Qc8 Qh4+ 76. Kg2 Qg5+ 77. Kh3 Qg6 78. Qf8+ Bg7 79. Qc8 Qh5+ 80.
Kg2 Qg5+ 81. Kh3 f4 82. Qe6+ Qg6 83. Kh4 Bf6+ 0-1

[Event "*** Titled Tuesday Blitz"]
[Site "Chess.com"]
[Date "2020.02.04"]
[Round "7"]
[White "heyiampotato"]
[Black "volcanoexplorer"]
[Result "1/2-1/2"]
[WhiteElo "2459"]
[BlackElo "2602"]
[TimeControl "180+2"]
[EndTime "14:36:10 PST"]
[Termination "Game drawn by repetition"]

1. d4 Nf6 2. Nf3 e6 3. c4 b6 4. a3 Ba6 5. Qc2 Be7 6. e4 d5 7.
e5 Nfd7 8. cxd5 Bxf1 9. Kxf1 exd5 10. Nc3 Nf8 11. g3 Ne6 12. Kg2 O-O 13. Be3 Qd7 14. Rad1 c6 15. h4 f6 16. exf6 Bxf6 17. Ng5 Bxg5 18.
hxg5 g6 19. Rh6 Rf5 20. Rdh1 Nf8 21. Bf4 Qf7 22. Nd1 Qd7 23. Ne3 Rf7 24. R1h4 Ne6 25. Be5 Nf8 26. Ng4 Qf5 27. Qxf5 Rxf5 28. Nf6+ Kf7 29.
Nxh7 Nbd7 30. g4 Rxe5 31. dxe5 Nxe5 32. Nxf8 Rxf8 33. f4 Nd3 34. Kf3 Ke7 35. Rh7+ Kd6 36. f5 gxf5 37. R4h6+ Kc5 38. Rf6 fxg4+ 39. Kxg4 Re8 40. Rc7 Kd4 41. g6 c5 42. g7 Ne5+ 43. Kf5 Rg8 44. Rf8 Rxg7 45. Rxg7 Nd3 46. Rxa7 Nxb2 47. Rd8 Nc4 48. Rad7 Ne3+ 49. Kf4 Ng2+ 50.
Kf3 Ne3 51. Re8 Nc2 52. Rd6 Kc4 53. Rxb6 Nxa3 54. Re3 Nc2 55. Re8 d4 56. Rc6 Nb4 57. Rcc8 Nd3 58. Ke2 Kc3 59. Kd1 c4 60. Re7 Nb2+ 61.
Kc1 d3 62. Rd7 Na4 63. Ra8 Nb6 64. Ra3+ Kb4 65. Rb7 Kxa3 66. Rxb6 c3 67. Rc6 Kb4 68. Rc8 Kb3 69. Rb8+ Kc4 70. Rc8+ Kd4 71. Rd8+ Ke3 72. Re8+ Kd4 73. Rd8+ Kc4 74. Rc8+ Kb3 75. Rb8+ Kc4 76.
Kd1 Kd4 77. Rb4+ Kc5 78. Rh4 Kd5 79. Ke1 Kc5 80. Rg4 Kd5 81. Rh4 Kc5 82. Rf4 Kd5 83.
Rh4 1/2-1/2

[Event "*** Titled Tuesday Blitz"]
[Site "Chess.com"]
[Date "2020.02.04"]
[Round "7"]
[White "dragos420"]
[Black "DonPreuss"]
[Result "1/2-1/2"]
[WhiteElo "2474"]
[BlackElo "2231"]
[TimeControl "180+2"]
[EndTime "14:38:26 PST"]
[Termination "Game drawn by 50-move rule"]

1. e4 e5 2. Nf3 d5 3. exd5 e4 4.
Nd4 Qxd5 5. Nb3 Bd6 6. Nc3 Qe6 7. Be2 Nf6 8. O-O Qe5 9. g3 h5 10. d4 Qe6 11. d5 Qh3 12. Bb5+ Kf8 13. Qe2 h4 14.
Nxe4 Ng4 15. f3 hxg3 16. Nxd6 gxh2+ 17. Kh1 Nf6 18. Nxc8 Qxc8 19. Bg5 a6 20. Bxf6 axb5 21. Qe7+ Kg8 22. Be5 Nd7 23. Bd4 Qe8 24. Rae1 Qxe7 25. Rxe7 Rd8 26. Rf2 Rh5 27. Rxh2 Rxd5 28. Rhe2 c5 29.
Re8+ Rxe8 30. Rxe8+ Kh7 31. Be3 Nf6 32. Nxc5 Nxe8 33. Nxb7 Nd6 34. Nxd6 Rxd6 35. Kg2 Kg6 36. a3 Kf5 37. Kf2 g5 38. c3 g4 39. fxg4+ Kxg4 40. Bd4 f5 41. Be5 Rd5 42. Bd4 f4 43. b3 Rh5 44. a4 bxa4 45. bxa4 Rh2+ 46. Ke1 Ra2 47. Kf1 Rxa4 48. Kf2 Ra2+ 49. Ke1 Kf3 50. Bc5 Ke4 51. Bd4 f3 52. Kf1 Rc2 53. Bg7 Rh2 54. Bd4 Rh3 55. Kf2 Rh2+ 56. Kf1 Rc2 57. Ke1 Kd3 58.
Kf1 Re2 59. Kg1 Kd2 60. Kf1 Kd1 61. Bg7 Kd2 62. Bd4 Kd3 63. Kg1 f2+ 64. Kf1 Rc2 65.
Bxf2 Rxc3 66. Kg2 Ke4 67. Bg1 Rc2+ 68. Kh1 Kf3 69. Ba7 Rg2 70. Bg1 Rg4 71. Ba7 Kg3 72. Bb8+ Kh3 73. Bh2 Rg2 74. Bg1 Re2 75. Bd4 Rd2 76.
Be3 Rc2 77. Bb6 Kg3 78. Bc7+ Kf3 79. Bb6 Kg3 80. Ba7 Kf3 81. Bb6 Rb2 82. Bd4 Ra2 83.
Bc5 Ra5 84. Bg1 Rg5 85. Bd4 Ra5 86. Bb6 Ra1+ 87. Bg1 Rb1 88. Kh2 Rb5 89. Kh1 Rg5 90. Bh2 Kf2 91. Bb8 Rg1+ 92. Kh2 Rg2+ 93. Kh1 Kf1 94.
Bh2 Rc2 95. Bb8 Kf2 96. Ba7+ Kf3 97. Bg1 Ra2 98. Bh2 Kf2 99. Bg1+ Kg3 100. Bb6 Rd2 101. Bc7+ Kf3 102. Bb6 Rc2 103. Bg1 Kg3 104. Ba7 Rc6 105. Bd4 Kf3 106. Bg1 Ke4 107. Kg2 Kd5 108. Kf3 Rg6 109. Be3 Ke5 110. Bf2 Kf5 111. Be3 Rg8 112. Bf2 Rh8 113. Kg2 Rg8+ 114. Kh1 Rc8 115. Bg1 Ra8 1/2-1/2

[Event "*** Titled Tuesday Blitz"]
[Site "Chess.com"]
[Date "2020.02.04"]
[Round "7"]
[White "FelixJoseYnojosa"]
[Black "rasmussvane"]
[Result "1-0"]
[WhiteElo "2694"]
[BlackElo "2876"]
[TimeControl "180+2"]
[EndTime "14:38:45 PST"]
[Termination "FelixJoseYnojosa won on time"]

1. e4 c6 2. c4 d5 3. cxd5 cxd5 4. exd5 Nf6 5. Bb5+ Nbd7 6. Nc3 g6 7. d4 Bg7 8. d6 exd6 9. Qe2+ Qe7 10. Bf4 Qxe2+ 11. Bxe2 Ke7 12. Nf3 Nb6 13. O-O Nbd5 14. Bg5 Be6 15.
Rfe1 Nxc3 16. bxc3 Rhc8 17. c4 Kd7 18. Rab1 b6 19. d5 Bf5 20. Rbc1 Ne4 21. Bd3 Re8 22. Bc2 Nc3 23. Bxf5+ gxf5 24. Rxe8 Rxe8 25. Rc2 Rc8 26. Nh4 Rxc4 27. Nxf5 Be5 28. g3 b5 29. f4 Bh8 30.
Be7 Nxd5 31. Rxc4 bxc4 32. Bxd6 c3 33. Ba3 Ke6 34. Nh4 c2 35. Kf1 Nc3 36. Ke1 Kd5 37. Nf5 Ke4 38. Nd6+ Ke3 39. Nxf7 Bd4 40. Nd6 Nxa2 41.
Nf5+ Kd3 42. Nxd4 c1=Q+ 43. Bxc1 Nxc1 44. Nc6 Ke4 45. Nxa7 Kf3 46. f5 Nd3+ 47. Kf1 Kg4 48. f6 Ne5 49. Nc6 Nf7 50. Nb8 Kf5 51. Nd7 h6 52.
Kg2 Ke6 53. Nc5+ Kxf6 54. Ne4+ Kg6 55. Nf2 Ng5 56. h4 Ne6 57. Kf3 Kf5 58. g4+ Kf6 59. Ne4+ Kg6 60. h5+ Kg7 61. Ng3 Kf6 62. Ne4+ Kg7 63.
Ke3 Kf7 64. Nc3 Kf6 65. Ne4+ Kf7 66. Nf2 Kf6 67. Ke4 Ng5+ 68. Kf4 Ne6+ 69. Kg3 Ng5 70. Nh3 Ne6 71. Kf3 Kf7 72. Ke4 Kf6 73. Nf4 Ng5+ 74.
Ke3 Nf7 75. Nh3 Ne5 76. Kf4 Nd3+ 77. Kg3 Ne5 78. Nf2 Nf7 79. Kf4 Nd8 80. Ne4+ Kg7 81. Kf5 Nc6 82. Nd6 Nd4+ 83. Ke5 Nf3+ 84. Ke6 Ng5+ 85.
Ke7 Nf3 86. Nf5+ Kh7 87. Kf6 Nh2 88. Ne3 Nf3 89. Nc4 Nd4 90. Ne5 Nc2 91. Nd7 Ne3 92. Ne5 Nd5+ 93. Kf7 Ne3 94. Kf8 Kh8 95. Kf7 Kh7 96.
Kf6 Nd5+ 97. Ke6 Ne3 98. Kf7 Nd5 99. Nd7 Nf4 100. Nf6+ Kh8 101. Ke7 Kg7 102. Ne8+ Kh7 103. Kf7 Kh8 104. Nf6 Nh3 105. Kg6 Ng5 106. Kxh6 Ne6 107. Kg6 Nf4+ 108. Kf5 Nd3 109. g5 Nc5 110. h6 Ne6 111. g6 Nd4+ 112. Ke5 Nf5 113. Ng4 Nxh6 114. Nxh6 Kg7 115. Kf5 Kxh6 116. Kf6 1-0